 Dungeon Crawl Stone Soup version 0.30-a0-371-gad7725a93e (webtiles) character file.

Game seed: 7033328491622383997

21520 GiantSquids the Carver (level 12, -1/108 HPs)
             Began as a Black Draconian Gladiator on Nov 22, 2022.
             Was an Elder of Trog.
             Slain by a catoblepas (14 damage)
             ... on level 3 of the Lair of Beasts.
             The game lasted 00:39:04 (13625 turns).

GiantSquids the Carver (Black Draconian Gladiator) Turns: 13625, Time: 00:39:04

Health: -1/108     AC: 13    Str: 21    XL:     12   Next: 54%
Magic:  12/12      EV: 18    Int: 11    God:    Trog [****..]
Gold:   833        SH:  0    Dex: 18    Spells: 11/11 levels left

rFire   + + .      SeeInvis .    a - +2 long sword (vamp)
rCold   + . .      Faith    .    (no shield)
rNeg    + . .      Spirit   .    (body armour unavailable)
rPois   +          Reflect  .    P - +0 hat
rElec   +          Harm     .    r - +0 cloak
rCorr   +          Rampage  .    (no gloves)
Will    .....                    (no boots)
Stlth   ++++......               B - amulet of Tihaot {Acrobat Fly rN+}
HPRegen 0.38/turn                e - ring "Zirymud" {Fly rF++ rC+ Str+4 Int+3}
MPRegen 0.13/turn                n - ring of Cebuc {rPois rCorr AC+4}

@: on berserk cooldown, flying, slowed, very slow
A: breathe lightning, AC +8, unfitting armour, electricity resistance,
cold-blooded
a: Breathe Lightning, Renounce Religion, Berserk, Trog's Hand, Brothers in Arms


You were on level 3 of the Lair of Beasts.
You worshipped Trog.
Trog was greatly pleased with you.
You visited 2 branches of the dungeon, and saw 14 of its levels.

You collected 833 gold pieces.

Inventory:

Hand Weapons
 a - a +2 vampiric long sword (weapon)
 b - a +1 scimitar of flaming
Missiles
 c - 2 throwing nets
 d - 4 javelins
 o - 6 silver javelins
Armour
 r - a +0 cloak (worn)
 P - a +0 hat (worn)
Jewellery
 e - the ring "Zirymud" (left hand) {Fly rF++ rC+ Str+4 Int+3}
   (You took it off an efreet on level 9 of the Dungeon)

   [ring of flight]

   Str:       It affects your strength (+4).
   Int:       It affects your intelligence (+3).
   rF:        It greatly protects you from fire.
   rC:        It protects you from cold.
   Fly:       It grants you flight.
 n - the ring of Cebuc (right hand) {rPois rCorr AC+4}
   (You took it off a deep elf pyromancer on level 9 of the Dungeon)

   [ring of protection]

   AC:        It affects your AC (+4).
   rPois:     It protects you from poison.
   rCorr:     It protects you from acid and corrosion.
 w - a ring of protection from cold
 y - a ring of poison resistance
 B - the amulet of Tihaot (around neck) {Acrobat Fly rN+}
   (You took it off a deep elf pyromancer on level 9 of the Dungeon)

   [amulet of the acrobat]

   It increases your evasion while moving and waiting.
   rN:        It protects you from negative energy.
   Fly:       It grants you flight.
 K - the ring "Kiorph" {rC+ Int+5 SInv Stlth-}
   (You found it on level 7 of the Dungeon)

   [ring of see invisible]

   Int:       It affects your intelligence (+5).
   rC:        It protects you from cold.
   SInv:      It lets you see invisible.
   Stlth:     It makes you less stealthy.
Wands
 j - a wand of flame (21)
 q - a wand of roots (7)
 z - a wand of quicksilver (7)
 D - a wand of polymorph (13)
Scrolls
 f - a scroll of poison
 g - 2 scrolls of fear
 h - 2 scrolls of blinking
 i - a scroll of silence
 l - 2 scrolls of torment {unknown}
 p - 2 scrolls of enchant armour {unknown}
 s - 2 scrolls of enchant weapon
 u - 5 scrolls of teleportation {unknown}
 v - a scroll of identify
 A - 5 scrolls of immolation {unknown}
 C - a scroll of magic mapping
 G - 2 scrolls of vulnerability
 L - 3 scrolls of fog
Potions
 k - 2 potions of curing
 m - 2 potions of magic
 t - a potion of resistance
 x - 2 potions of flight {unknown}
 F - a potion of heal wounds {unknown}
 H - a potion of attraction {unknown}
 J - a potion of berserk rage {unknown}
 M - 3 potions of lignification {unknown}
 R - a potion of cancellation {unknown}
 U - a potion of ambrosia {unknown}


   Skills:
 + Level 10.6 Fighting
 * Level 13.6 Long Blades
 - Level 1.7 Throwing
 * Level 9.5 Dodging
 + Level 9.5 Stealth


You had 11 spell levels left.
You didn't know any spells.
Your spell library was empty.

Dungeon Overview and Level Annotations

Branches:
Dungeon (11/15)            Temple (0/1) D:4            Lair (2/5) D:11
  Swamp (0/4) Lair:2          Orc (0/2) D:9
  Snake: Lair:2-3    Spider: Lair:2-3

Altars:
Ashenzari
Elyvilon
Gozag
Hepliaklqana
Kikubaaqudgha
Okawaru
Sif Muna
Trog
Uskayaw
Wu Jian

Shops:
D:6 *   D:9 =

Annotations:
D:5 2 runed translucent doors, AigisTheKnight's ghost, amateur DsIE
D:6 2 runed translucent doors, olddryhag's ghost, journeyman GnGl


Innate Abilities, Weirdness & Mutations

You can breathe wild blasts of lightning.
Your glossy black scales are hard. (AC +8)
You cannot fit into any form of body armour.
You are resistant to electric shocks. (rElec)
You are cold-blooded and may be slowed by cold attacks.


Message History

The catoblepas closely misses you. The dream sheep completely misses you.
You slash the dream sheep!
You feel better.
You kill the dream sheep!
Trog accepts your kill.
The catoblepas breathes a plume of calcifying dust at you.
The blast of calcifying dust hits you but does no damage.
You hit the catoblepas.
You feel better.
You tail-slap the catoblepas, but do no damage.
The catoblepas is moderately wounded.
You are engulfed in calcifying dust.
You are slowing down.
The catoblepas gores you. The basilisk bites you!
The catoblepas attacks as you move away!
The catoblepas gores you!!
The catoblepas gores you but does no damage.
The catoblepas gores you!!
You have turned to stone.
The catoblepas gores you!
You feel the effects of Trog's Hand fading.
The catoblepas gores you but does no damage.
The catoblepas gores you but does no damage.
The catoblepas gores you. The catoblepas gores you!! The catoblepas gores you!
* * * LOW HITPOINT WARNING * * *
The catoblepas gores you.
* * * LOW HITPOINT WARNING * * *
Your skin stops crawling.
You feel less strong-willed. The catoblepas gores you!
* * * LOW HITPOINT WARNING * * *
The catoblepas gores you!!
* * * LOW HITPOINT WARNING * * *
You turn to flesh and can move again.
You fail to use your ability.
The catoblepas completely misses you.
Okay, then.
As you read the scroll of fear, it crumbles to dust.
You assume a fearsome visage.
The catoblepas resists with almost no effort.
The basilisk looks frightened!
The catoblepas closely misses you. The catoblepas gores you!
You die...

.................
.................
.................
.................
...............
#....#.....P..
#[..#†l....#
####..Y......#
+....@##.....#
#.....##.....#
#.....##......#
###..##.......#
##P #.....## ##
#.....# #...Y.#


You could see a catoblepas and a basilisk (fleeing).

Vanquished Creatures
  Snorg (D:10)
  A centaur warrior (D:9)
  2 two-headed ogres
  Amaemon (D:8)
  A bog body (Lair:2)
  2 deep elf pyromancers (D:9)
  An ugly thing (D:9)
  A cyclops (D:11)
  A black mamba (Lair:1)
  2 cane toads (Lair:1)
  A black mamba (shapeshifter) (D:9)
  An orange demon (D:8)
  A torpor snail (Lair:2)
  A rime drake (Lair:1)
  2 efreet (D:9)
  5 komodo dragons
  A tengu conjurer (D:9)
  4 polar bears (Lair:1)
  A hornet (D:9)
  A troll (D:10)
  6 dream sheep (Lair:3)
  27 yaks
  Eustachio (D:4)
  2 wyverns
  Edmund (D:6)
  5 water moccasins
  An acid dragon (D:10)
  A sky beast (D:6)
  3 orc warriors
  6 black bears
  7 centaurs
  4 ogres
  A phantom (D:5)
  4 kobold brigands (D:9)
  9 bullfrogs
  4 necrophages
  2 gnoll sergeants (D:9)
  3 scorpions
  9 wights
  13 killer bees
  6 howler monkeys
  A jelly (D:5)
  Crazy Yiuf (D:2)
  7 hounds
  A gnoll bouda (D:9)
  2 orc priests
  Terence (D:2)
  An iguana (D:5)
  4 orc wizards
  Natasha (D:2)
  Robin (D:2)
  7 gnolls
  3 adders
  3 white imps
  2 worms (D:2)
  4 dart slugs
  19 orcs
  10 bats
  3 endoplasms
  A giant cockroach (D:3)
  14 goblins
  14 hobgoblins
  3 jackals (D:5)
  19 kobolds
  5 ball pythons
  3 frilled lizards
  4 rats (D:1)
280 creatures vanquished.

Vanquished Creatures (others)
  11 fungi
  15 plants
26 creatures vanquished.

Grand Total: 306 creatures vanquished

Notes
Turn   | Place    | Note
-------+----------+-------------------------------------------
     0 | D:1      | GiantSquids the Draconian Gladiator began the quest for the
                  | Orb.
     0 | D:1      | Reached XP level 1. HP: 17/17 MP: 1/1
   138 | D:1      | Reached XP level 2. HP: 20/25 MP: 2/2
   336 | D:1      | Reached skill level 1 in Stealth
   336 | D:1      | Reached XP level 3. HP: 30/30 MP: 3/3
   677 | D:1      | Found a faded altar of an unknown god.
   716 | D:1      | Prayed at the altar of an unknown god.
   716 | D:1      | Became a worshipper of Trog the Wrathful
   716 | D:1      | Reached * piety under Trog
   789 | D:2      | Noticed Terence
   807 | D:2      | Killed Terence
   994 | D:2      | Reached XP level 4. HP: 30/37 MP: 4/4
  1106 | D:2      | Reached skill level 4 in Long Blades
  1173 | D:2      | Noticed Natasha
  1194 | D:2      | Killed Natasha
  1499 | D:2      | Noticed Robin
  1518 | D:2      | Killed Robin
  1525 | D:2      | Reached XP level 5. HP: 24/45 MP: 5/5
  1705 | D:2      | Identified the +1 leather armour of the Valley of Death
                  | {Str+3 Slay+3}
  1742 | D:2      | Found a runed translucent door.
  1743 | D:2      | Noticed Crazy Yiuf
  1817 | D:2      | Killed Crazy Yiuf
  2630 | D:4      | Found a staircase to the Ecumenical Temple.
  2660 | D:4      | Noticed Eustachio
  2676 | D:4      | Killed Eustachio
  2677 | D:4      | Reached skill level 5 in Long Blades
  2677 | D:4      | Reached XP level 6. HP: 44/52 MP: 6/6
  2868 | D:4      | Reached ** piety under Trog
  2934 | D:4      | Your scales start taking on a glossy black colour.
  2934 | D:4      | Reached XP level 7. HP: 30/59 MP: 7/7
  2934 | D:4      | Gained mutation: You are resistant to electric shocks.
                  | (rElec) [Black Draconian growth]
  3421 | D:5      | Entered Level 5 of the Dungeon
  3433 | D:5      | Reached skill level 6 in Long Blades
  3798 | D:5      | Reached XP level 8. HP: 60/67 MP: 8/8
  3865 | D:5      | Found a runed translucent door.
  3867 | D:5      | Noticed AigisTheKnight's ghost (amateur DsIE)
  3893 | D:5      | Reached skill level 5 in Fighting
  4139 | D:5      | Reached skill level 7 in Long Blades
  4237 | D:5      | Found a runed translucent door.
  4503 | D:6      | Noticed Edmund
  4514 | D:6      | Killed Edmund
  4515 | D:6      | Reached skill level 5 in Dodging
  4714 | D:6      | Found Mofog's General Store.
  4932 | D:6      | Found a large runed translucent door.
  4933 | D:6      | Found a large runed translucent door.
  4936 | D:6      | Noticed olddryhag's ghost (journeyman GnGl)
  5032 | D:6      | Found a hazy altar of Hepliaklqana.
  5032 | D:6      | Found a white marble altar of Elyvilon.
  5035 | D:6      | Found an opulent altar of Gozag.
  5040 | D:6      | Found an iron altar of Okawaru.
  5040 | D:6      | Found an ancient bone altar of Kikubaaqudgha.
  5046 | D:6      | Found a hide-covered altar of Uskayaw.
  5049 | D:6      | Found a shimmering blue altar of Sif Muna.
  5130 | D:6      | Reached skill level 8 in Long Blades
  5386 | D:7      | Reached skill level 5 in Stealth
  5412 | D:7      | Reached XP level 9. HP: 62/75 MP: 9/9
  5595 | D:7      | Identified the ring "Kiorph" {rC+ Int+5 SInv Stlth-}
  5870 | D:7      | Reached *** piety under Trog
  5881 | D:7      | Reached skill level 9 in Long Blades
  6502 | D:8      | Noticed Amaemon
  6525 | D:8      | Noticed an orange demon
  6955 | D:8      | Found a broken altar of Ashenzari.
  6955 | D:8      | Found an ornate altar of the Wu Jian Council.
  7363 | D:9      | Found Sasi's Jewellery Emporium.
  7504 | D:9      | Noticed a two-headed ogre
  7648 | D:9      | Reached XP level 10. HP: 79/83 MP: 10/10
  7779 | D:9      | Killed a two-headed ogre
  7780 | D:9      | Reached skill level 10 in Long Blades
  8015 | D:9      | Identified the ring "Zirymud" {Fly rF++ rC+ Str+4 Int+3}
  8030 | D:9      | Identified the amulet of Tihaot {Acrobat Fly rN+}
  8030 | D:9      | Noticed a deep elf pyromancer
  8031 | D:9      | HP: 3/87 [centaur/arrow (4)]
  8586 | D:9      | Killed a deep elf pyromancer
  8764 | D:9      | Identified the ring of Cebuc {rPois rCorr AC+4}
  8764 | D:9      | Noticed a deep elf pyromancer
  8769 | D:9      | Noticed a brown ugly thing
  8781 | D:9      | Killed a brown ugly thing
  8782 | D:9      | Reached skill level 11 in Long Blades
  8803 | D:9      | Killed a deep elf pyromancer
  8837 | D:8      | Killed Amaemon
  8838 | D:8      | Reached XP level 11. HP: 23/95 MP: 11/11
  8841 | D:8      | HP: 2/95 [orange demon[Amaemon] (6)]
  9199 | D:9      | Noticed an alligator
  9308 | D:9      | Reached **** piety under Trog
  9338 | D:9      | Found a staircase to the Orcish Mines.
  9432 | D:9      | Noticed a deep troll
  9503 | D:9      | Identified the ring "Baq Veno" {Ice Drain Fly rCorr Str+5
                  | Dex-5}
  9503 | D:9      | Noticed a centaur warrior
  9515 | D:9      | Killed a centaur warrior
  9796 | D:10     | Entered Level 10 of the Dungeon
  9887 | D:10     | Noticed a two-headed ogre
 10221 | D:10     | Noticed Snorg
 10262 | D:10     | Noticed a two-headed ogre
 10289 | D:10     | Killed Snorg
 10290 | D:10     | Reached skill level 12 in Long Blades
 10297 | D:10     | Killed a two-headed ogre
 10686 | D:11     | Found a staircase to the Lair.
 10691 | D:11     | Found an opulent altar of Gozag.
 11300 | Lair:1   | Entered Level 1 of the Lair of Beasts
 11961 | Lair:1   | Reached XP level 12. HP: 43/106 MP: 12/12
 12123 | Lair:1   | Reached skill level 10 in Fighting
 12293 | Lair:1   | Reached skill level 13 in Long Blades
 12695 | Lair:1   | Reached ***** piety under Trog
 13413 | Lair:2   | Found a staircase to the Swamp.
 13584 | Lair:2   | You are sucked into a shaft and drop 1 floor!
 13586 | Lair:3   | Noticed a catoblepas
 13625 | Lair:3   | Slain by a catoblepas

Illustrated notes

Levels and vault maps discovered:
D:1:      dpeg_arrival_central, layout_rooms, dreamdust_ecumenical_altar_grove,
          corexii_leaking_fountain, minmay_misc_feat_columns, minmay_ruptured
D:2:      layout_loops_ring, grunt_ministairs_11, uniq_terence, uniq_robin,
          uniq_natasha, uniq_crazy_yiuf_cottage
D:3:      layout_loops_ring
D:4:      layout_cave_pools, temple_hall_moat, grunt_decor_resistance,
          uniq_eustachio
D:5:      layout_basic, ebering_ghost_sewer_f, minmay_checkerbox
D:6:      layout_basic, nicolae_overflow_hallway_of_the_gods, serial_shops,
          nicolae_shop_statue_plus, ebering_ghost_disaster_area,
          minmay_misc_feat_pillars, minmay_misc_feat_x, uniq_edmund
D:7:      layout_loops_corners
D:8:      layout_loops_cross, gammafunk_temple_overflow_wave, uniq_amaemon
D:9:      minmay_the_grid_triangle_9x9_rhombus_thin_mashed
          [minmay_the_grid_triangle_9x9_zippers_horizontal,
          minmay_the_grid_triangle_9x9_prize_special,
          minmay_the_grid_triangle_9x9_windchime,
          minmay_the_grid_triangle_9x9_steps], layout_rooms, david_orc_2,
          serial_shops, nicolae_shop_competitors_out_of_business
D:10:     layout_rooms, uniq_snorg
D:11:     layout_basic, lair_entry_dummy, nicolae_benzene_ring,
          nicolae_gozag_seed_capital
Lair:1:   beast_lair_carwin_large_1, layout_regular_city
Lair:2:   layout_hall_layers, skrybe_swamp_entry_bodies,
          eino_small_chamber_without_monster, minivault_25
Lair:3:   layout_regular_city, spider_nest_entry_rubble

Skill      XL: |  1  2  3  4  5  6  7  8  9 10 11 12 |
---------------+-------------------------------------+-----
Stealth        | 1 2 3 5 6 7 8 9 |  9.5
Dodging        | 3 4 5 6 7 8 9 |  9.5
Long Blades    | 4 5 6 8 9 11 12 13 | 13.6
Fighting       | 3 4 6 7 8 9 10 | 10.6
Throwing       | |  1.7

Action                   |  1- 3 |  4- 6 |  7- 9 | 10-12 || total
-------------------------+-------+-------+-------+-------++-------
Melee: Long sword        |    87 |   129 |   234 |   699 ||  1149
       Tailslap          |     8 |    16 |    38 |   152 ||   214
       Punch             |     1 |     2 |     2 |     8 ||    13
Throw: Throwing net      |       |       |     1 |       ||     1
Invok: Berserk           |       |     4 |     1 |    11 ||    16
       Trog's Hand       |       |       |       |     3 ||     3
 Abil: Breathe Lightning |       |       |    23 |    11 ||    34
  Use: Scroll            |       |       |       |    11 ||    11
       Potion            |       |       |       |     8 ||     8
 Stab: Sleeping          |     1 |     2 |     2 |     4 ||     9
       Distracted        |       |       |       |     5 ||     5
Armor: Skin              |    47 |    52 |    54 |   239 ||   392
Dodge: Dodged            |    84 |   104 |   132 |   609 ||   929
Block: Other             |       |    15 |    51 |    87 ||   153
       Reflection        |       |     1 |     4 |     7 ||    12

Table legend: (Time is in decaauts)
 A = Elapsed time spent in this place.
 B = Non-inter-level travel time spent in this place.
 C = Inter-level travel time spent in this place.
 D = Time resting spent in this place.
 E = Time spent auto-exploring this place.
 F = Levels seen in this place.
 G = Mean time per level.
                   A        B        C        D        E       F      G
               +--------+--------+--------+--------+--------+-----+--------+
         Total |  13662 |  13143 |    519 |   2275 |   7879 |  14 |  975.9 |
       Dungeon |  11388 |  10918 |    470 |   1721 |   6822 |  11 | 1035.3 |
          Lair |   2273 |   2224 |     49 |    554 |   1057 |   3 |  757.7 |
               +--------+--------+--------+--------+--------+-----+--------+

Top non-repeatable levels by time:
     D:8: 1677 daAuts
     D:9: 1615 daAuts
  Lair:1: 1444 daAuts
     D:2: 1300 daAuts
     D:7: 1146 daAuts
     D:5: 1003 daAuts
     D:6: 962 daAuts
     D:4: 885 daAuts
  Lair:2: 796 daAuts
    D:10: 764 daAuts
     D:1: 752 daAuts
    D:11: 714 daAuts
     D:3: 565 daAuts
  Lair:3: 32 daAuts
